 Dungeon Crawl Stone Soup version 0.22.0 (webtiles) character file.

659 Lew the Skirmisher (level 7, -4/58 HPs)
             Began as a Barachi Fighter on Aug 10, 2018.
             Slain by an ogre
             ... wielding a +0 giant club
              (15 damage)
             ... on level 5 of the Dungeon.
             The game lasted 00:13:21 (3344 turns).

Lew the Skirmisher (Barachi Fighter)                Turns: 3344, Time: 00:13:22

Health: -4/58      AC: 12    Str: 19    XL:     7   Next: 55%
Magic:  7/7        EV:  7    Int:  9    God:
Gold:   225        SH: 10    Dex: 11    Spells: 6/6 levels left

rFire    . . .     SeeInvis .   k - +0 hand axe (chop)
rCold    . . .     Gourm    .   c - +0 shield
rNeg     . . .     Faith    .   p - +4 scale mail {MR+}
rPois    .         Spirit   .   (no helmet)
rElec    .         Reflect  .   (no cloak)
rCorr    .         Harm     .   (no gloves)
MR       +....                  q - +0 pair of boots
Stlth    ..........             (no amulet)
HPRegen  0.19/turn              (no ring)
MPRegen  0.10/turn              (no ring)

@: slow
A: +LOS, swims, slowness 1, strong legs 1
a: Hop


You were on level 5 of the Dungeon.
You were not hungry.

You visited 1 branch of the dungeon, and saw 5 of its levels.

You collected 225 gold pieces.

Inventory:

Hand Weapons
 a - a +1 war axe
 b - a +1 mace of holy wrath
 k - a +0 hand axe of chopping (weapon)
 m - a cursed -2 flail
 t - the cursed +1 quarterstaff "Ivasch" {crush, rElec Str+4 Int+2, unknown}
   (You found it on level 4 of the Dungeon)

   It inflicts extra damage upon your enemies.
   It affects your strength (+4).
   It affects your intelligence (+2).
   It insulates you from electricity.
   It has a curse placed upon it.
Armour
 c - a +0 shield (worn)
 p - a +4 scale mail of magic resistance (worn)
 q - a +0 pair of boots (worn)
 s - a +1 cloak
Jewellery
 n - an uncursed ring of stealth {unknown}
Scrolls
 e - a scroll of remove curse
 h - 2 scrolls of blinking
 j - a scroll of teleportation
 l - 2 scrolls of identify
 r - a scroll of magic mapping {unknown}
Potions
 d - a potion of might
 g - a potion of berserk rage
 i - 2 potions of resistance
 o - a potion of haste
Comestibles
 f - 7 rations


   Skills:
 + Level 6.0 Fighting
 + Level 4.8 Axes
 + Level 5.9 Armour
 + Level 5.4 Shields


You had 6 spell levels left.
You didn't know any spells.
Your spell library contained the following spells:

 Spells                   Type           Power        Failure   Level  Hunger
 Magic Dart               Conj           #...         98%         1    ##.....
 Fireball                 Conj/Fire      #.........   100%        5    ######.
 Conjure Flame            Conj/Fire      #.......     100%        3    ####...
 Throw Flame              Conj/Fire      #.....       99%         2    ###....
 Iskenderun's Mystic Bla  Conj           #.......     100%        4    #####..
 Sticky Flame             Conj/Fire      #.......     100%        4    #####..
 Flame Tongue             Conj/Fire      #....        98%         1    ##.....
 Inner Flame              Hex/Fire       #.......     100%        3    ####...
 Fulminant Prism          Conj/Hex       #.........   100%        4    #####..
 Dazzling Spray           Conj/Hex       #.....       100%        3    ####...
 Force Lance              Conj/Tloc      #.......     100%        4    #####..
 Searing Ray              Conj           #.....       99%         2    ###....


Dungeon Overview and Level Annotations

Branches:
Dungeon (5/15)
 Temple: D:4-7

Altars:
Fedhas
Qazlal
Sif Muna
Trog
Zin
The Shining One

Annotations:
D:3 1 runed door


Innate Abilities, Weirdness & Mutations

Shadows flee at your approach. (+LOS)
You can swim through water.
You cover ground slowly.
You can hop short distances.


Message History

The ogre is moderately wounded.
You block the ogre's attack.
An ogre is nearby!
Your shield and scale mail prevent you from hitting the ogre.
The ogre is moderately wounded.
The ogre hits you with a giant club!
You are too injured to fight recklessly!
You hit the ogre.
The ogre is heavily wounded.
The ogre hits you with a giant club!
* * * LOW HITPOINT WARNING * * *
You hit the ogre.
The ogre is severely wounded.
Your scale mail prevents you from hitting the ogre.
The ogre is severely wounded.
You block the ogre's attack.
Your shield and scale mail prevent you from hitting the ogre.
The ogre is severely wounded.
The ogre hits you with a giant club!
You die...

..#.....<# ##
.........###### ..
.........##...# .#
..#......##...###.#
..........#...##..####
.#..##..#.#...##.....#
.##.###.#.†...##.....#
.##.###.##....#......#
.....##.##(.....@O...#
###..##.##....##.....#
#...#......[#......#
#...#.[...............
####.......#..#########.#
........<####.# #
.........# #.. .........#
#.# .......).# #.


You could see an ogre.

Vanquished Creatures
  2 scorpions (D:5)
  A crimson imp (D:5)
  An orc priest (D:5)
  A hound (D:4)
  4 orc wizards
  Terence (D:1)
  An iguana (D:4)
  5 worker ants
  5 adders
  2 shadow imps (D:5)
  An ooze (D:1)
  2 adder skeletons
  4 dart slugs
  6 leopard geckos
  10 orcs
  2 ball pythons (D:1)
  4 bats (D:1)
  3 giant cockroaches
  6 goblins
  6 hobgoblins
  4 jackals (D:1)
  A quokka (D:4)
  4 frilled lizards
  2 kobolds
  6 rats
84 creatures vanquished.

Vanquished Creatures (others)
  An orc wizard (D:4)
1 creature vanquished.

Grand Total: 85 creatures vanquished

Notes
Turn   | Place    | Note
-------+----------+-------------------------------------------
     0 | D:1      | Lew the Barachi Fighter began the quest for the Orb.
     0 | D:1      | Reached XP level 1. HP: 18/18 MP: 1/1
    96 | D:1      | Reached XP level 2. HP: 25/25 MP: 2/2
   137 | D:1      | Reached skill level 4 in Fighting
   193 | D:1      | Reached XP level 3. HP: 30/30 MP: 3/3
   564 | D:2      | Noticed Terence
   618 | D:1      | Killed Terence
   618 | D:1      | Reached XP level 4. HP: 34/38 MP: 4/4
   870 | D:2      | Found a faded altar of an unknown god.
  1013 | D:2      | Found a bloodstained altar of Trog.
  1560 | D:2      | Found a deep blue altar of Sif Muna.
  1654 | D:2      | Found a glowing silver altar of Zin.
  1874 | D:3      | Reached XP level 5. HP: 41/43 MP: 5/5
  1954 | D:3      | Found a glowing golden altar of the Shining One.
  1955 | D:3      | Found a runed door.
  1955 | D:3      | Noticed an angel
  2319 | D:4      | Reached skill level 5 in Fighting
  2319 | D:4      | Reached skill level 5 in Armour
  2319 | D:4      | Reached XP level 6. HP: 46/51 MP: 6/6
  2795 | D:4      | Got a slimy quarterstaff
  2941 | D:5      | Entered Level 5 of the Dungeon
  2956 | D:5      | Reached skill level 5 in Shields
  2966 | D:5      | Reached XP level 7. HP: 56/56 MP: 7/7
  3232 | D:5      | Found a stormy altar of Qazlal.
  3235 | D:5      | Found a blossoming altar of Fedhas.
  3330 | D:5      | Reached skill level 6 in Fighting
  3344 | D:5      | Slain by an ogre

Skill      XL: |  1  2  3  4  5  6  7 |
---------------+----------------------+-----
Fighting       | 4 5 6 |  6.0
Armour         | 4 5 |  5.9
Axes           | 3 4 |  4.8
Shields        | 4 5 |  5.4

Action                   |  1- 3 |  4- 6 |  7- 9 || total
-------------------------+-------+-------+-------++-------
Melee: War axe           |   104 |    85 |       ||   189
       Hand axe          |       |   160 |    94 ||   254
 Abil: Hop               |     2 |       |       ||     2
Evoke: Wand              |       |    27 |       ||    27
  Use: Potion            |     2 |     6 |     2 ||    10
       Scroll            |       |     8 |       ||     8
  Eat: Chunk             |       |     4 |       ||     4
       Ration            |       |     2 |       ||     2
Armor: Scale mail        |    58 |   138 |    38 ||   234
Dodge: Dodged            |    33 |    84 |     9 ||   126
Block: Shield            |    61 |   118 |    31 ||   210
